 Dungeon Crawl Stone Soup version 0.19.5 (webtiles) character file.

192 JeffiDaFish the Charmwright (level 5, -2/35 HPs)
             Began as a High Elf Skald on Oct 26, 2017.
             Slain by a worker ant (7 damage)
             ... on level 3 of the Dungeon.
             The game lasted 00:06:13 (2415 turns).

JeffiDaFish the Charmwright (High Elf Skald)        Turns: 2415, Time: 00:06:13

Health: -2/35      AC:  6    Str: 11    XL:     5   Next: 42%
Magic:  7/11       EV: 12    Int: 15    God:
Gold:   55         SH:  0    Dex: 16    Spells: 3 memorised, 5 levels left

rFire  . . .     SeeInvis .     a - +1 falchion
rCold  . . .     Gourm    .     b - +0 leather armour
rNeg   . . .     Faith    .     (no shield)
rPois  .         Spirit   .     e - +1 helmet
rElec  .         Reflect  .     m - +0 cloak
rCorr  .         Harm     .     (no gloves)
MR     .....                    (no boots)
Stlth  +.........               (no amulet)
                                (no ring)
                                (no ring)

@: lethally poisoned (-2 -> -13), infused (expiring)
A: no striking features
a: no special abilities


You were on level 3 of the Dungeon.
You were not hungry.

You visited 1 branch of the dungeon, and saw 3 of its levels.

You collected 55 gold pieces.

Inventory:

Hand Weapons
 a - a +1 falchion (weapon)
Armour
 b - a +0 leather armour (worn)
 e - a +1 helmet (worn)
 m - a +0 cloak (worn)
 p - a +1 cloak
Scrolls
 k - 4 scrolls of remove curse
 n - 3 scrolls of identify
Potions
 h - a potion of haste
 j - a potion of might
 l - 2 potions of curing
 o - 2 potions of flight {unknown}
Books
 c - a book of Battle

   Spells                             Type                      Level
   a - Infusion                       Charms                       1
   b - Shroud of Golubria             Charms/Translocation         2
   c - Song of Slaying                Charms                       2
   d - Spectral Weapon                Hexes/Charms                 3
   e - Regeneration                   Charms/Necromancy            3
Comestibles
 d - 3 bread rations
 f - 2 meat rations
 g - 11 chunks of flesh
 i - a beef jerky


   Skills:
 * Level 2.3 Fighting
 * Level 3.9 Long Blades
 * Level 1.8 Armour
 * Level 1.8 Dodging
 - Level 0.5 Stealth
 * Level 3.6 Spellcasting
 + Level 0.2 Hexes
 + Level 4.7 Charms


You had 5 spell levels left.
You knew the following spells:

 Your Spells              Type           Power        Failure   Level  Hunger
a - Infusion              Chrm           ###.         3%          1    None
b - Song of Slaying       Chrm           ###.....     6%          2    ##.....
c - Spectral Weapon       Hex/Chrm       ##......     30%         3    ###....


Dungeon Overview and Level Annotations

Branches:
Dungeon (3/15)

Altars:
Fedhas


Message History

The worker ant is moderately wounded.
The worker ant bites you.
You hit the worker ant!
The worker ant is severely wounded.
You feel sick. The worker ant bites you! The worker ant bites you.
You are more poisoned.
The worker ant poisons you!
You hit the worker ant but do no damage.
The worker ant is severely wounded.
You feel sick. The worker ant bites you.
You hit the worker ant.
The worker ant is almost dead.
You feel sick. The worker ant bites you.
* * * LOW HITPOINT WARNING * * *
You closely miss the worker ant.
The worker ant is almost dead.
Your magical infusion is running out.
* * * LOW HITPOINT WARNING * * *
You feel sick. The worker ant bites you!
You die...

..$ #.. ## ... ..
#.# .. #.# #.#
##### #.# #.###
#... #.# ....##
##.## #.#
#....###...## #@#
.........#..# #a#
#....###....#
#.## #..###
##.#.# #..# #
#..#
#.#.#####.#####.#
##.#
#.#.....).......#
#.#
..#..####.####..#
#.# ###..# #.#
....# ##.# #..#
#.# .##.#


You could see a worker ant.

Vanquished Creatures
  A centaur (D:3)
  A worker ant (D:3)
  4 adders
  An ooze (D:2)
  A worm (D:2)
  A dart slug (D:1)
  2 leopard geckos
  A ball python (D:1)
  2 giant cockroaches
  5 goblins
  9 hobgoblins
  2 jackals (D:1)
  2 quokkas (D:2)
  3 bats
  3 frilled lizards
  5 kobolds
  A quokka skeleton (D:3)
  4 rats
48 creatures vanquished.

Notes
Turn   | Place    | Note
-------+----------+-------------------------------------------
     0 | D:1      | JeffiDaFish the High Elf Skald began the quest for the Orb.
     0 | D:1      | Reached XP level 1. HP: 14/14 MP: 4/4
   258 | D:1      | Reached XP level 2. HP: 19/19 MP: 2/6
   359 | D:1      | Learned a level 2 spell: Song of Slaying
   756 | D:2      | Reached skill level 4 in Charms
  1007 | D:2      | Reached XP level 3. HP: 21/24 MP: 0/8
  1081 | D:2      | Reached skill level 1 in Armour
  1240 | D:2      | Found a blossoming altar of Fedhas.
  2011 | D:3      | Reached XP level 4. HP: 21/29 MP: 4/9
  2076 | D:3      | Noticed a centaur
  2083 | D:3      | Killed a centaur
  2083 | D:3      | Reached XP level 5. HP: 14/34 MP: 1/11
  2264 | D:3      | Learned a level 3 spell: Spectral Weapon
  2415 | D:3      | Slain by a worker ant

Skill      XL: |  1  2  3 |
---------------+----------+-----
Long Blades    | 3 |  3.9
Charms         | 4 |  4.7
Armour         | 1 |  1.8
Spellcasting   | 3 |  3.6
Fighting       | |  2.3
Dodging        | |  1.8
Stealth        | |  0.5
Hexes          | |  0.2

Action                   |  1- 3 |  4- 6 || total
-------------------------+-------+-------++-------
Melee: Falchion          |    85 |    35 ||   120
 Cast: Infusion          |    20 |     5 ||    25
       Song of Slaying   |     3 |     2 ||     5
  Use: Scroll            |     5 |     1 ||     6
       Potion            |     7 |       ||     7
 Stab: Sleeping          |     1 |       ||     1
  Eat: Chunk             |     4 |     2 ||     6
Armor: Leather armour    |    30 |    14 ||    44
Dodge: Dodged            |    59 |    19 ||    78
       Rpst.: Falchion   |    19 |     6 ||    25
